 Dungeon Crawl Stone Soup version bcrawl-1.21.3 (webtiles) character file.

Game seed: 1593327281337474866

59 Flugslaktarn the Sneak (level 3, -10/23 HPs)
             Began as a Skeleton Archaeologist on Mar 30, 2020.
             Killed by divine providence
             ... invoked by an orc priest
              (11 damage)
             ... on level 3 of the Dungeon.
             The game lasted 00:02:16 (3191 turns).

Flugslaktarn the Sneak (Skeleton Archaeologist)     Turns: 3191, Time: 00:02:17

Health: -10/23     AC: 14    Str: 16 (18) XL:     3   Next: 78%
Magic:  0/3        EV:  6    Int: 10 (12) God:
Gold:   173        SH:  2    Dex:  7      Spells: 2/2 levels left

rFire    . . .     SeeInvis .   g - +0 hand axe
rCold    + . .     Gourm    .   (no shield)
rNeg     + + +     Faith    .   b - +0 plate armour
rPois    ∞         Spirit   +   h - +0 helmet
rElec    .         Reflect  +   (no cloak)
rCorr    .         Harm     .   c - +0 pair of gloves
MR       .....                  d - +1 pair of boots
Stlth    ..........             m - +2 amulet of reflection
HPRegen  0.07/turn              (no ring)
MPRegen  0.08/turn              (no ring)

@: no status effects
A: no food or potions, cold resistance 1, deterioration 1, negative energy
resistance 3, torment resistance, unbreathing, magic shield, sturdy frame 1,
spell healing
a: no special abilities


You were on level 3 of the Dungeon.
You were not hungry.

You visited 1 branch of the dungeon, and saw 3 of its levels.

You collected 173 gold pieces.

Inventory:

Hand Weapons
 a - a +0 whip
 g - a +0 hand axe (weapon)
   (You found it on level 2 of the Dungeon)
Armour
 b - a +0 plate armour (worn)
   (You found it on level 3 of the Dungeon)
 c - a +0 pair of gloves (worn)
   (You found it on level 2 of the Dungeon)
 d - a +1 pair of boots (worn)
 h - a +0 helmet (worn)
   (You found it on level 1 of the Dungeon)
Jewellery
 m - a +2 amulet of reflection (around neck)
   (You found it on level 1 of the Dungeon)
Scrolls
 e - 4 scrolls of magic mapping
 r - 3 scrolls of identify
 t - 2 scrolls of teleportation
 x - 2 scrolls of remove curse
Miscellaneous
 f - a dusty tome


   Skills:
 + Level 3.4 Fighting
 * Level 1.1(1.4) Axes
 - Level 1.2(1.4) Maces & Flails
 + Level 0.5 Armour
 - Level 3.0 Dodging
 - Level 3.6 Stealth


You had 2 spell levels left.
You didn't know any spells.
Your spell library was empty.

Dungeon Overview and Level Annotations

Branches:
Dungeon (3/12)

Altars:
Fedhas
Qazlal
Yredelemnul

Annotations:
D:3 1 runed door, Purgy


Innate Abilities, Weirdness & Mutations

You do not eat or drink.
You are immune to poison.
Your flesh is cold resistant. (rC+)
Your body sometimes deteriorates upon taking damage.
You are immune to negative energy. (rN+++)
You are immune to unholy pain and torment.
You can survive without breathing.
When hurt, damage is shared between your health and your magic reserves.
Your movements are slightly less encumbered by armour. (ER -2)
Casting spells heals you.


Message History

The orc hits you but does no damage. Purgy bites you.
Purgy claws you but does no damage. x2
You slash Purgy!
Purgy is heavily wounded.
The orc closely misses you. Purgy bites you but does no damage.
You block Purgy's attack. Purgy barely misses you.
You closely miss Purgy.
Purgy is heavily wounded.
The orc hits you but does no damage. Purgy bites you but does no damage.
Purgy claws you but does no damage. x2
The orc priest mumbles some strange prayers to Beogh against you.
Beogh smites you!
* * * LOW HITPOINT WARNING * * *
You are too injured to fight recklessly!
You are too injured to fight recklessly!
You are too injured to fight recklessly!
Purgy bites you but does no damage. Purgy claws you but does no damage. x2
The orc priest mumbles some strange prayers to Beogh against you.
Beogh smites you!
You die...

#########...P♣.....##....#
#........[).%P♣.♣..##.# #
#...........P.♣♣......# .#
#..........#..♣♣♣..#..# #.♣
#.....>....#.P.♣♣♣....##.♣
#..........#P♣♣♣.........♣
#...........#..♣.♣.#.....♣
#.........[..PP...##..###♣.
###########@.....P#.....#♣♣.
##...P.##.###.#.♣ #oT...##.#
#.#.#. #....###.# #...##
#....# #.# ##..#
#..o.###.####..## #####
#................ #...#
#....##..###..... #...#
#....#.>## #.###>


You could see Purgy, an orc priest and an orc.

Vanquished Creatures
  An adder (D:3)
  An ooze (D:2)
  3 leopard geckos
  An orc (D:3)
  A giant cockroach (D:1)
  6 goblins (D:1)
  7 hobgoblins
  A quokka (D:3)
  3 bats (D:1)
  2 frilled lizards
  9 kobolds
  7 rats
42 creatures vanquished.

Notes
Turn   | Place    | Note
-------+----------+-------------------------------------------
     0 | D:1      | Flugslaktarn the Skeleton Archaeologist began the quest for
                  | the Orb.
     0 | D:1      | Reached XP level 1. HP: 12/12 MP: 1/1
   226 | D:1      | Reached XP level 2. HP: 15/17 MP: 2/2
  1142 | D:2      | Reached XP level 3. HP: 23/23 MP: 3/3
  1176 | D:2      | Found a blossoming altar of Fedhas.
  1350 | D:2      | Found a basalt altar of Yredelemnul.
  1356 | D:2      | Found a stormy altar of Qazlal.
  2065 | D:3      | Noticed Purgy
  2136 | D:3      | Reached skill level 1 in Axes
  2607 | D:3      | Found a runed door.
  3188 | D:3      | HP: 1/23 [orc priest/divine providence (9)]
  3191 | D:3      | Killed from afar by an orc priest

Skill      XL: |  1  2  3 |
---------------+----------+-----
Fighting       | 2 3 |  3.4
Axes           | 1 |  1.1
Maces & Flails | |  1.2
Armour         | |  0.5
Dodging        | |  3.0
Stealth        | |  3.6

Action                   || total
-------------------------++-------
Melee: Whip              ||   225
       Hand axe          ||    25
  Use: Scroll            ||     4
 Stab: Sleeping          ||     2
Armor: Robe              ||    23
       Ring mail         ||    85
       Plate armour      ||    53
Dodge: Dodged            ||   184
Block: Other             ||     7
